 Dungeon Sprint DCSS version 0.30-a0-54-g2e61a25929 (webtiles) character file.

Game seed: 8352662674502096181

244 Ankalagon the Blocker (level 6, -4/37 HPs)
             Began as a Gargoyle Fighter on Sept 8, 2022.
             Slain by a neqoxec (6 damage)
             ... in the Dungeon (Sprint II: "The Violet Keep of Menkaure").
             The game lasted 00:00:16 (20 turns).

Ankalagon the Blocker (Gargoyle Fighter)              Turns: 20, Time: 00:00:16

Health: -4/37      AC: 11    Str: 19    XL:     6   Next: 10%
Magic:  6/6        EV:  9    Int:  9    God:
Gold:   0          SH:  6    Dex: 11    Spells: 5/5 levels left

rFire   . . .      SeeInvis .    a - +0 flail
rCold   . . .      Faith    .    c - +0 buckler
rNeg    + . .      Spirit   .    b - +0 scale mail
rPois   ∞          Reflect  .    (no helmet)
rElec   +          Harm     .    (no cloak)
rCorr   .          Rampage  .    (no gloves)
Will    .....      NoTele   +    (no boots)
Stlth   ..........               (no amulet)
HPRegen 0.12/turn                (no ring)
MPRegen 0.10/turn                (no ring)

@: on berserk cooldown, slowed, very slow
A: sickness immunity, AC +4, negative energy resistance 1, electricity
resistance, torment resistance 1, petrification resistance
a: no special abilities


You were in the Dungeon.
You visited 1 branch

Inventory:

Hand Weapons
 a - a +0 flail (weapon)
Armour
 b - a +0 scale mail (worn)
 c - a +0 buckler (worn)
Scrolls
 j - a scroll of blinking
Potions
 d - a potion of might
 e - a potion of curing
 f - a potion of heal wounds
 g - a potion of haste
 h - 2 potions of magic


   Skills:
 - Level 3.2 Fighting
 + Level 8.8 Maces & Flails
 - Level 3.2 Armour
 + Level 10.0 Shields


You had 5 spell levels left.
You didn't know any spells.
Your spell library was empty.

Dungeon Overview and Level Annotations

Branches:
Dungeon (1/1)

Altars:


Innate Abilities, Weirdness & Mutations

You are immune to sickness and miasma.
Your stone body is resilient. (AC +4)
You are immune to poison.
You resist negative energy. (rN+)
You are resistant to electric shocks. (rElec)
You are resistant to unholy torment.
You are immune to petrification.


Message History

The neqoxec is moderately wounded.
The neqoxec hits you but does no damage.
You closely miss the neqoxec.
The neqoxec is moderately wounded.
You sock the neqoxec!
The neqoxec is almost dead.
The neqoxec hits you but does no damage.
You miss the neqoxec.
The neqoxec is almost dead.
You block the neqoxec's attack. The neqoxec gestures at you.
You feel dopey. Something feeds on your intellect!
You sock the neqoxec!
You kill the neqoxec!
The neqoxec gestures at you.
Something tries to feed on your intellect!
You feel your intelligence returning.
Your Maces & Flails skill increases to level 8!
Your Shields skill gained 2 levels and is now at level 10!
You have reached level 6!
You are no longer berserk.
You are exhausted.
You feel yourself slow down.
There is an open door here.
You hit the neqoxec.
The neqoxec is lightly wounded.
The neqoxec hits you.
* * * LOW HITPOINT WARNING * * *
You block the neqoxec's attack.
You sock the neqoxec!
The neqoxec is moderately wounded.
The neqoxec hits you!
* * * LOW HITPOINT WARNING * * *
You barely miss the neqoxec.
The neqoxec is moderately wounded.
The neqoxec gestures at you.
Something tries to feed on your intellect!
The neqoxec hits you.
You die...

#+#
##.##
+.<.+
##.##
#@#
#3##
#.#
##


You could see a neqoxec.

Vanquished Creatures
  2 neqoxecs (D)
2 creatures vanquished.

Notes
Turn   | Place    | Note
-------+----------+-------------------------------------------
     0 | D        | Ankalagon the Gargoyle Fighter began the quest for the Orb.
     0 | D        | Reached XP level 1. HP: 14/14 MP: 1/1
     1 | D        | Noticed a neqoxec
     1 | D        | Noticed a neqoxec
     3 | D        | Noticed a neqoxec
     8 | D        | Killed a neqoxec
     9 | D        | Reached skill level 8 in Shields
     9 | D        | Reached XP level 2. HP: 10/19 MP: 2/2
     9 | D        | Reached XP level 3. HP: 12/23 MP: 3/3
     9 | D        | Reached XP level 4. HP: 15/28 MP: 4/4
     9 | D        | Reached XP level 5. HP: 17/32 MP: 5/5
    16 | D        | Killed a neqoxec
    17 | D        | Reached skill level 10 in Shields
    17 | D        | Reached XP level 6. HP: 17/37 MP: 6/6
    20 | D        | Slain by a neqoxec

Illustrated notes

Levels and vault maps discovered:
D:        the_violet_keep_of_menkaure [sprint2_stairs_cluster_1,
          sprint2_shoproom, sprint2_temple, sprint2_basic_supplies,
          sprint2_obstacle_4, sprint2_obstacle_5, sprint2_obstacle_7,
          sprint2_obstacle_3, sprint2_obstacle_1, sprint2_timed_cluster_1,
          sprint2_smallroom_cluster_1, sprint2_smallroom_final_cluster_1,
          sprint2_transparent_cluster_1, sprint2_second_timed_cluster_1,
          sprint2_sniper_area_1, sprint2_heavy_combat_area_1,
          sprint2_mutation_trap_area_1, sprint2_forest_area_1,
          sprint2_light_combat_area_1, sprint2_behind_water_1,
          sprint2_near_end_vault_1]

Skill      XL: |  1  2  3  4  5 |
---------------+----------------+-----
Maces & Flails | 7 8 |  8.8
Shields        | 8 10 | 10.0
Fighting       | |  3.2
Armour         | |  3.2

Action                   |  1- 3 |  4- 6 || total
-------------------------+-------+-------++-------
Melee: Flail             |     5 |    11 ||    16
  Use: Potion            |     1 |       ||     1
Armor: Scale mail        |     1 |     2 ||     3
Dodge: Dodged            |     1 |     1 ||     2
Block: Buckler           |       |     2 ||     2

Table legend: (Time is in decaauts)
 A = Elapsed time spent in this place.
 B = Non-inter-level travel time spent in this place.
 C = Inter-level travel time spent in this place.
 D = Time resting spent in this place.
 E = Time spent auto-exploring this place.
 F = Levels seen in this place.
 G = Mean time per level.
                   A        B        C        D        E       F      G
               +--------+--------+--------+--------+--------+-----+--------+
         Total |     17 |     17 |      0 |      0 |      0 |   1 |   17.0 |
       Dungeon |     17 |     17 |      0 |      0 |      0 |   1 |   17.0 |
               +--------+--------+--------+--------+--------+-----+--------+

Top non-repeatable levels by time:
       D: 17 daAuts
